ESL (28 & UNDER)
READING RAINBOWS @ BUFFALO LIGHTSABRES
06/03/2029
 
TOP OF THE 1ST
Reading Rainbows batting - Pitching for Buffalo LightSabres : RHP Dylan Versluis
Pitching: RHP Dylan Versluis
Batting: LHB Júlio Lorenzo 0-0: Called Strike
0-1: Called Strike
0-2: Ground out U3 (Groundball, 3S)
Batting: RHB José Moreno 0-0: Ball
1-0: Called Strike
1-1: Ball
2-1: Foul Ball, location: 2F
2-2: Ground out 1-3 (Groundball, 13S)
Batting: RHB Juan Magdayao 0-0: Called Strike
0-1: Ball
1-1: Swinging Strike
1-2: Strikes out swinging
Top of the 1st over - 0 runs, 0 hits, 0 errors, 0 left on base; Reading 0 - Buffalo 0
BOTTOM OF THE 1ST
Buffalo LightSabres batting - Pitching for Reading Rainbows : RHP Lane Lund
Pitching: RHP Lane Lund
Batting: RHB Lou Hammond 0-0: Ball
1-0: Ball
2-0: Ball
3-0: Base on Balls
Batting: RHB Júlio López 0-0: Ball
1-0: Foul Ball, location: 2F
1-1: Ball
2-1: SINGLE (Groundball, 34D)
Lou Hammond to second
Runner from 2nd tries for 3rd, SAFE, no throw
Batting: RHB Mario Solís 0-0: Swinging Strike
0-1: Ball
1-1: Ball
2-1: Foul Ball, location: 2F
2-2: Strikes out swinging
Batting: LHB Garrett King 0-0: Called Strike
0-1: Grounds into double play, 4-6-3 (Groundball, 4)
Bottom of the 1st over - 0 runs, 1 hit, 0 errors, 1 left on base; Reading 0 - Buffalo 0
TOP OF THE 2ND
Reading Rainbows batting - Pitching for Buffalo LightSabres : RHP Dylan Versluis
Batting: RHB Ethan Moore 0-0: Ball
1-0: SINGLE (Groundball, 56D)
Batting: LHB Ryan Flynn 0-0: Foul Ball, location: 2F
0-1: Ball
1-1: Fielders Choice at 2nd, 4-6 (Groundball, 34)
Batting: RHB Richard Case 0-0: Ball
1-0: Fly out, F8 (Flyball, 89M)
Batting: RHB Spike Kennedy 0-0: Ball
1-0: Ball
2-0: Swinging Strike
2-1: SINGLE (Groundball, 15) (infield hit)
Ryan Flynn to second
Batting: SHB Johnny Jackson 0-0: Ball
1-0: Called Strike
1-1: Ball
2-1: Called Strike
2-2: Ball
3-2: Fly out, F7 (Flyball, 78M)
Top of the 2nd over - 0 runs, 2 hits, 0 errors, 2 left on base; Reading 0 - Buffalo 0
BOTTOM OF THE 2ND
Buffalo LightSabres batting - Pitching for Reading Rainbows : RHP Lane Lund
Batting: RHB Donato Gozende 0-0: Ground out 6-3 (Groundball, 56D)
Batting: LHB Emílio Montoya 0-0: SINGLE (Groundball, 6MD)
Batting: RHB Abraham Hardy 0-0: Called Strike
0-1: Ball
1-1: Called Strike
Emílio Montoya steals 2nd base
1-2: Foul Ball, location: 2F
1-2: Foul Ball, location: 2F
1-2: Ball
2-2: Ball
3-2: Ground out 4-3 (Groundball, 4)
Emílio Montoya to third
Batting: RHB Huub Stolk 0-0: Ball
1-0: Ball
2-0: Ball
3-0: Called Strike
3-1: Base on Balls
Batting: RHB José Rosales 0-0: SINGLE (Flyball, 9S)
Emílio Montoya scores
Huub Stolk to second
Runner from 2nd tries for 3rd, SAFE, throw made to third
Batting: RHB Lou Hammond 0-0: Ball
1-0: Called Strike
1-1: Ground out U3 (Groundball, 3L)
Bottom of the 2nd over - 1 run, 2 hits, 0 errors, 2 left on base; Reading 0 - Buffalo 1
TOP OF THE 3RD
Reading Rainbows batting - Pitching for Buffalo LightSabres : RHP Dylan Versluis
Batting: SHB Dan Chandler 0-0: Bunt for hit - play at first, batter OUT! 1-3
Batting: LHB Júlio Lorenzo 0-0: SINGLE (Line Drive, 4D)
Batting: RHB José Moreno 0-0: Ball
1-0: Called Strike
1-1: Ball
2-1: Fly out, F9 (Flyball, 9)
Batting: RHB Juan Magdayao 0-0: Called Strike
0-1: Ball
Balk!
Júlio Lorenzo to second
1-1: Ground out 1-3 (Groundball, 13S)
Top of the 3rd over - 0 runs, 1 hit, 0 errors, 1 left on base; Reading 0 - Buffalo 1
BOTTOM OF THE 3RD
Buffalo LightSabres batting - Pitching for Reading Rainbows : RHP Lane Lund
Batting: RHB Júlio López 0-0: Ball
1-0: Ball
2-0: Ball
3-0: Called Strike
3-1: Base on Balls
Batting: RHB Mario Solís 0-0: Called Strike
0-1: Ball
1-1: Ball
2-1: Foul Ball, location: 2F
2-2: Foul Ball, location: 2F
2-2: Reached on error, E6 (Popup, 6)
Júlio López to second
Batting: LHB Garrett King 0-0: Called Strike
0-1: SINGLE (Line Drive, 89M)
Júlio López to third
Mario Solís to second
Runner from 3rd tries for Home, SAFE, no throw
Batting: RHB Donato Gozende 0-0: Ball
1-0: Ball
2-0: Foul Ball, location: 2F
2-1: Ball
3-1: Swinging Strike
3-2: Foul Ball, location: 2F
3-2: SINGLE (Groundball, 4MD)
Mario Solís to third
Garrett King to second
Batting: LHB Emílio Montoya 0-0: Ball
1-0: Called Strike
1-1: Ball
2-1: Ball
3-1: SINGLE (Line Drive, 7S)
Mario Solís scores
Garrett King to third
Donato Gozende to second
Batting: RHB Abraham Hardy 0-0: Foul Ball, location: 2F
0-1: Foul Ball, location: 2F
0-2: Ball
1-2: Ball
2-2: Ball
3-2: Grounds into double play, 6-4-3 (Groundball, 6)
Garrett King scores
Donato Gozende to third
Batting: RHB Huub Stolk 0-0: Foul Ball, location: 2F
0-1: Ground out 4-3 (Groundball, 4)
Bottom of the 3rd over - 3 runs, 3 hits, 1 error, 1 left on base; Reading 0 - Buffalo 4
TOP OF THE 4TH
Reading Rainbows batting - Pitching for Buffalo LightSabres : RHP Dylan Versluis
Batting: RHB Ethan Moore 0-0: Ball
1-0: Called Strike
1-1: Foul Ball, location: 2F
1-2: Foul Ball, location: 2F
1-2: Foul Ball, location: 2F
1-2: Foul Ball, location: 2F
1-2: Foul Ball, location: 2F
1-2: DOUBLE (Line Drive, 78D)
Batting: LHB Ryan Flynn 0-0: SINGLE (Flyball, 8RS)
Ethan Moore to third
Runner from 3rd tries for Home, SAFE, no throw
Batting: RHB Richard Case 0-0: Ball
1-0: Called Strike
1-1: Foul Ball, location: 2F
1-2: Ball
2-2: Ball
3-2: Foul Ball, location: 2F
3-2: Strikes out looking
Batting: RHB Spike Kennedy 0-0: Swinging Strike
0-1: Ball
1-1: Ball
2-1: Swinging Strike
2-2: Strikes out looking
Batting: SHB Johnny Jackson 0-0: Fly out, F9 (Flyball, 89M)
Top of the 4th over - 1 run, 2 hits, 0 errors, 1 left on base; Reading 1 - Buffalo 4
BOTTOM OF THE 4TH
Buffalo LightSabres batting - Pitching for Reading Rainbows : RHP Lane Lund
Batting: RHB José Rosales 0-0: Called Strike
0-1: Foul Ball, location: 2F
0-2: Strikes out swinging
Batting: RHB Lou Hammond 0-0: Swinging Strike
0-1: Ball
1-1: Swinging Strike
1-2: Ball
2-2: Fly out, F9 (Flyball, 9S)
Batting: RHB Júlio López 0-0: Called Strike
0-1: Ball
1-1: Foul Ball, location: 2F
1-2: Foul Ball, location: 2F
1-2: Strikes out looking
Bottom of the 4th over - 0 runs, 0 hits, 0 errors, 0 left on base; Reading 1 - Buffalo 4
TOP OF THE 5TH
Reading Rainbows batting - Pitching for Buffalo LightSabres : RHP Dylan Versluis
Batting: SHB Dan Chandler 0-0: Ball
1-0: Ground out 4-3 (Groundball, 34)
Batting: LHB Júlio Lorenzo 0-0: Ball
1-0: Ball
2-0: Ball
3-0: Foul Ball, location: 2F
3-1: Foul Ball, location: 2F
3-2: Base on Balls
Batting: RHB José Moreno 0-0: Ball
1-0: Called Strike
1-1: Ball
2-1: Swinging Strike
2-2: Fly out, F5 (Popup, 56S)
Batting: RHB Juan Magdayao 0-0: Called Strike
0-1: Swinging Strike
0-2: Ball
Wild Pitch!
Júlio Lorenzo to second
1-2: SINGLE (Line Drive, 89S)
Júlio Lorenzo to third
Runner from 3rd tries for Home, SAFE, no throw
Batting: RHB Ethan Moore 0-0: Called Strike
0-1: Ball
1-1: Foul Ball, location: 2F
1-2: Foul Ball, location: 2F
1-2: Foul Ball, location: 2F
1-2: Foul Ball, location: 2F
1-2: Ball
2-2: Foul Ball, location: 2F
2-2: Ball
3-2: SINGLE (Flyball, 7S)
Juan Magdayao to second
Juan Magdayao to third
Batting: LHB Ryan Flynn 0-0: Ball
1-0: Ball
2-0: Foul Ball, location: 2F
2-1: Swinging Strike
2-2: Strikes out swinging
Top of the 5th over - 1 run, 2 hits, 0 errors, 2 left on base; Reading 2 - Buffalo 4
BOTTOM OF THE 5TH
Buffalo LightSabres batting - Pitching for Reading Rainbows : RHP Lane Lund
Batting: RHB Mario Solís 0-0: Ball
1-0: Ball
2-0: Foul Ball, location: 2F
2-1: SOLO HOME RUN (Flyball, 9D), Distance : 394 ft
Pitching: RHP Millard Manning
Batting: LHB Garrett King 0-0: Ball
1-0: Swinging Strike
1-1: Foul Ball, location: 2F
1-2: Ball
2-2: SINGLE (Groundball, 4MD)
Batting: RHB Donato Gozende 0-0: Ball
1-0: DOUBLE (Groundball, 5L)
Garrett King to third
Batting: LHB Emílio Montoya 0-0: Ball
1-0: Swinging Strike
1-1: Foul Ball, location: 2F
1-2: Foul Ball, location: 2F
1-2: Strikes out swinging
Batting: RHB Abraham Hardy 0-0: Ball
1-0: Ball
2-0: Ball
3-0: Called Strike
3-1: Foul Ball, location: 2F
3-2: Base on Balls
Batting: RHB Huub Stolk 0-0: Foul Ball, location: 2F
0-1: Ball
1-1: Ball
2-1: Foul Ball, location: 2F
2-2: Ball
3-2: Base on Balls
Garrett King scores
Donato Gozende to third
Abraham Hardy to second
Batting: RHB José Rosales 0-0: Called Strike
0-1: Ball
1-1: Ball
2-1: Foul Ball, location: 2F
2-2: Foul Ball, location: 2F
2-2: Strikes out swinging
Batting: RHB Lou Hammond 0-0: Foul Ball, location: 2F
0-1: Swinging Strike
0-2: Ball
1-2: Foul Ball, location: 2F
1-2: Ball
2-2: Foul Ball, location: 2F
2-2: Strikes out swinging
Bottom of the 5th over - 2 runs, 3 hits, 0 errors, 3 left on base; Reading 2 - Buffalo 6
TOP OF THE 6TH
Reading Rainbows batting - Pitching for Buffalo LightSabres : RHP Dylan Versluis
Batting: RHB Richard Case 0-0: Fly out, F8 (Flyball, 8LM)
Batting: RHB Spike Kennedy 0-0: Foul Ball, location: 2F
0-1: Called Strike
0-2: Ball
1-2: Strikes out swinging
Batting: SHB Johnny Jackson 0-0: Ball
1-0: Swinging Strike
1-1: Ball
2-1: Ball
3-1: Base on Balls
Batting: SHB Dan Chandler 0-0: Ball
1-0: Foul Ball, location: 2F
1-1: Called Strike
1-2: Ball
2-2: Fly out, F8 (Flyball, 8RD)
Top of the 6th over - 0 runs, 0 hits, 0 errors, 1 left on base; Reading 2 - Buffalo 6
BOTTOM OF THE 6TH
Buffalo LightSabres batting - Pitching for Reading Rainbows : RHP Millard Manning
Batting: RHB Júlio López 0-0: Fly out, F8 (Flyball, 8RS)
Batting: RHB Mario Solís 0-0: Called Strike
0-1: Fly out, F8 (Line Drive, 8RD)
Batting: LHB Garrett King 0-0: Ball
1-0: Ball
2-0: Called Strike
2-1: Swinging Strike
2-2: SOLO HOME RUN (Flyball, 9LD), Distance : 361 ft
Batting: RHB Donato Gozende 0-0: Called Strike
0-1: Called Strike
0-2: Strikes out looking
Bottom of the 6th over - 1 run, 1 hit, 0 errors, 0 left on base; Reading 2 - Buffalo 7
TOP OF THE 7TH
Reading Rainbows batting - Pitching for Buffalo LightSabres : RHP Dylan Versluis
Pitching: RHP Alfredo Cabral
Batting: LHB Júlio Lorenzo 0-0: Ground out 4-3 (Groundball, 4)
Batting: RHB José Moreno 0-0: Swinging Strike
0-1: SINGLE (Flyball, 89S)
Batting: RHB Juan Magdayao 0-0: Called Strike
0-1: Ball
1-1: Fly out, F6 (Flyball, 6D)
Batting: RHB Ethan Moore 0-0: Ball
1-0: Ball
2-0: Foul Ball, location: 2F
2-1: Ball
3-1: Foul Ball, location: 2F
3-2: Base on Balls
José Moreno to second
Batting: LHB Ryan Flynn 0-0: Ball
1-0: Ball
2-0: Fly out, F6 (Popup, 6MD)
Top of the 7th over - 0 runs, 1 hit, 0 errors, 2 left on base; Reading 2 - Buffalo 7
BOTTOM OF THE 7TH
Buffalo LightSabres batting - Pitching for Reading Rainbows : RHP Millard Manning
Batting: LHB Emílio Montoya 0-0: Ball
1-0: Swinging Strike
1-1: Foul Ball, location: 2F
1-2: Strikes out looking
Batting: RHB Abraham Hardy 0-0: Called Strike
0-1: Ball
1-1: Ball
2-1: Swinging Strike
2-2: Ball
3-2: SINGLE (Flyball, 9LS)
Batting: RHB Huub Stolk 0-0: Ball
1-0: Ball
2-0: Ball
3-0: Called Strike
3-1: Base on Balls
Abraham Hardy to second
Batting: RHB José Rosales 0-0: Called Strike
0-1: Foul Ball, location: 2F
0-2: Ball
1-2: Ball
2-2: Strikes out looking
Batting: RHB Lou Hammond 0-0: Called Strike
0-1: Ball
1-1: Ball
2-1: Called Strike
2-2: Foul Ball, location: 2F
2-2: Ball
3-2: Strikes out looking
Bottom of the 7th over - 0 runs, 1 hit, 0 errors, 2 left on base; Reading 2 - Buffalo 7
TOP OF THE 8TH
Reading Rainbows batting - Pitching for Buffalo LightSabres : RHP Alfredo Cabral
Batting: RHB Richard Case 0-0: Ball
1-0: Called Strike
1-1: Called Strike
1-2: Ball
2-2: Ball
3-2: Base on Balls
Batting: RHB Spike Kennedy 0-0: Ball
1-0: Foul Ball, location: 2F
1-1: Grounds into double play, 1-6-3 (Groundball, 13S)
Batting: SHB Johnny Jackson 0-0: Called Strike
0-1: Ball
1-1: Foul Ball, location: 2F
1-2: Foul Ball, location: 2F
1-2: Strikes out swinging
Top of the 8th over - 0 runs, 0 hits, 0 errors, 0 left on base; Reading 2 - Buffalo 7
BOTTOM OF THE 8TH
Buffalo LightSabres batting - Pitching for Reading Rainbows : RHP Millard Manning
Pitching: LHP Jorge Torres
Batting: RHB Júlio López 0-0: Foul Ball, location: 2F
0-1: Called Strike
0-2: Strikes out swinging
Batting: RHB Mario Solís 0-0: Called Strike
0-1: Ground out 3-1 (Groundball, 34S)
Batting: LHB Garrett King 0-0: Ball
1-0: Ball
2-0: Foul Ball, location: 2F
2-1: Ball
3-1: Called Strike
3-2: Base on Balls
Batting: RHB Donato Gozende 0-0: Called Strike
0-1: SINGLE (Groundball, 34D)
Garrett King to second
Runner from 2nd tries for 3rd, SAFE, throw made to third
Batting: LHB Emílio Montoya 0-0: Ball
1-0: Foul Ball, location: 2F
1-1: Swinging Strike
1-2: DOUBLE (Flyball, 78D)
Garrett King scores
Donato Gozende to third
Runner from 3rd tries for Home, SAFE, no throw
Batting: RHB Abraham Hardy 0-0: Ball
1-0: Ball
2-0: Ball
3-0: Base on Balls
Batting: RHB Huub Stolk Error on foul ball, E2
0-1: Ball
1-1: Foul Ball, location: 2F
1-2: Foul Ball, location: 2F
1-2: Foul Ball, location: 2F
1-2: DOUBLE (Line Drive, 78D)
Emílio Montoya scores
Abraham Hardy to third
Batting: RHB José Rosales 0-0: Called Strike
0-1: Ball
1-1: Ball
2-1: Swinging Strike
2-2: Ball
3-2: Foul Ball, location: 2F
3-2: Base on Balls
Pinch Hitting: RHB John Warren 0-0: Ball
1-0: Called Strike
1-1: Ball
2-1: Ball
3-1: Foul Ball, location: 2F
3-2: Base on Balls
Abraham Hardy scores
Huub Stolk to third
José Rosales to second
Batting: RHB Júlio López 0-0: Ball
1-0: Called Strike
1-1: Swinging Strike
1-2: Ball
2-2: Ball
3-2: Foul Ball, location: 2F
3-2: Base on Balls
Huub Stolk scores
José Rosales to third
John Warren to second
Pitching: RHP Coy Torres
Batting: RHB Mario Solís 0-0: Ball
1-0: Ground out 4-3 (Groundball, 34)
Bottom of the 8th over - 5 runs, 3 hits, 1 error, 3 left on base; Reading 2 - Buffalo 12
TOP OF THE 9TH
Reading Rainbows batting - Pitching for Buffalo LightSabres : RHP Alfredo Cabral
Now at 1B: Rob Davidson
Now at 3B: Pedro Romero
Batting: SHB Dan Chandler 0-0: Called Strike
0-1: Swinging Strike
0-2: Fly out, F9 (Flyball, 9LSF)
Batting: LHB Júlio Lorenzo 0-0: Called Strike
0-1: Foul Ball, location: 2F
0-2: Ball
1-2: Foul Ball, location: 2F
1-2: Strikes out swinging
Batting: RHB José Moreno 0-0: Ball
1-0: Ball
2-0: Called Strike
2-1: Swinging Strike
2-2: Strikes out swinging
Top of the 9th over - 0 runs, 0 hits, 0 errors, 0 left on base; Reading 2 - Buffalo 12
Saturday, December 16th, 2017 - OOTP Baseball 18.8 Build 76